 Dungeon Crawl Stone Soup version 0.19.0-18-g426998a (webtiles) character file.

46 Kwzr the Charmwright (level 3, 0/29 HPs)
             Began as a Formicid Skald on Nov 11, 2016.
             Slain by a hound (4 damage)
             ... on level 4 of the Dungeon.
             The game lasted 00:09:09 (1874 turns).

Kwzr the Charmwright (Formicid Skald)               Turns: 1874, Time: 00:09:10

Health: 0/29       AC:  5    Str: 16    XL:     3   Next: 95%
Magic:  6/6        EV: 10    Int: 12    God:
Gold:   125        SH:  0    Dex: 10    Spells: 2 memorised, 3 levels left

rFire  . . .     SeeInvis +     a - +0 hand axe
rCold  . . .     Gourm    .     g - +0 ring mail
rNeg   . . .     Faith    .     (no shield)
rPois  .         Spirit   .     (helmet unavailable)
rElec  .         Reflect  .     (no cloak)
rCorr  .         Harm     .     (no gloves)
MR     .....                    (no boots)
Stlth  ..........               (no amulet)
                                (no ring)
                                (no ring)

@: lethally poisoned (0 -> -3)
A: permanent stasis, dig shafts and tunnels, four strong arms, antennae 3
a: Dig, Shaft Self


You were on level 4 of the Dungeon.
You were not hungry.

You visited 1 branch of the dungeon, and saw 4 of its levels.

You collected 125 gold pieces.

Inventory:

Hand Weapons
 a - a +0 hand axe (weapon)
 m - a +0 hunting sling
Missiles
 k - 33 stones (quivered)
Armour
 b - a +0 leather armour
 g - a +0 ring mail (worn)
 n - a +0 large shield
Jewellery
 h - an uncursed ring of fire {unknown}
Scrolls
 f - a scroll of identify {unknown}
 i - a scroll of recharging {unknown}
Potions
 e - a potion of degeneration {unknown}
 j - a potion of heal wounds {unknown}
 l - a potion of brilliance {unknown}
Books
 c - a book of Battle

   Spells                             Type                      Level
   a - Infusion                       Charms                       1
   b - Shroud of Golubria             Charms/Translocation         2
   c - Song of Slaying                Charms                       2
   d - Spectral Weapon                Hexes/Charms                 3
   e - Regeneration                   Charms/Necromancy            3
Comestibles
 d - 3 bread rations
 o - a slice of pizza


   Skills:
 - Level 3.0 Fighting
 + Level 2.5 Axes
 + Level 2.3 Armour
 - Level 1.0 Dodging
 - Level 2.3 Spellcasting
 - Level 3.0 Charms


You had 3 spell levels left.
You knew the following spells:

 Your Spells              Type           Power        Failure   Level  Hunger
a - Infusion              Chrm           #...         14%         1    ##.....
b - Shroud of Golubria    Chrm/Tloc      #.........   38%         2    ###....


Dungeon Overview and Level Annotations

Branches:
Dungeon (4/15)
 Temple: D:4-7

Altars:


Innate Abilities, Weirdness & Mutations

You are under a permanent stasis effect.
You can dig through walls and to a lower floor.
Your four strong arms can wield two-handed weapons with a shield.
You have a pair of large antennae on your head. (SInv)


Message History

The hound pauses to sniff the ground.
The adder bites you but does no damage.
The adder bites the plant.
The ogre shouts!
Your shroud unravels.
The adder bites you but does no damage. The adder bites you.
The adder bites you but does no damage.
The ogre hits you with a giant spiked club!
Ouch! That really hurt!
* * * LOW HITPOINT WARNING * * *
The adder closely misses you. The adder bites you.
* * * LOW HITPOINT WARNING * * *
You are poisoned.
The adder poisons you!
* * * LOW HITPOINT WARNING * * *
You feel sick. The adder bites you but does no damage.
There is a stone staircase leading up here.
* * * LOW HITPOINT WARNING * * *
You feel sick. The adder closely misses you. The hound bites you.
You die...

##..............# ..
##...............#{ { ..
#................# ##..
.................# {#...
.............(...#{ #...
#................####...
#..................P...#
#.......S..............#
#...?.@SO.o.....##+#..+
........h........# #.o#
.>.......<.......# #..#
.................####..#
...............#.P.P...#
#.......%...............
##......................
##................$....
................


You could see an ogre, a hound, 2 adders and an orc.

Vanquished Creatures
  An adder (D:3)
  3 leopard geckos (D:1)
  2 giant cockroaches (D:1)
  8 goblins
  3 jackals (D:2)
  2 ball pythons
  3 bats
  A frilled lizard (D:1)
  6 kobolds (D:1)
  4 rats
33 creatures vanquished.

Notes
Turn   | Place    | Note
-------+----------+-------------------------------------------
     0 | D:1      | Kwzr the Formicid Skald began the quest for the Orb.
     0 | D:1      | Reached XP level 1. HP: 16/16 MP: 3/3
    34 | D:1      | Reached skill level 1 in Dodging
   321 | D:1      | Reached XP level 2. HP: 4/23 MP: 1/5
  1037 | D:1      | Learned a level 2 spell: Shroud of Golubria
  1038 | D:1      | Reached XP level 3. HP: 27/28 MP: 1/6
  1764 | D:4      | Noticed an ogre
  1838 | D:3      | You fall through a shaft!
  1874 | D:4      | Slain by a hound

Skill      XL: |  1  2  3 |
---------------+----------+-----
Dodging        | 1 |  1.0
Fighting       | 3 |  3.0
Armour         | 2 |  2.3
Axes           | |  2.5
Spellcasting   | |  2.3
Charms         | |  3.0

Action                   || total
-------------------------++-------
Melee: Hand axe          ||   118
 Cast: Infusion          ||    11
       Shroud of Golubri ||     3
 Abil: Dig               ||     4
  Eat: Chunk             ||     4
Armor: Leather armour    ||    10
       Ring mail         ||    34
Dodge: Dodged            ||    80
